 Dungeon Crawl Stone Soup version 0.24-a0-479-g9a978d2894 (webtiles) character file.

Game seed: 3743367478485170486

2420 Gynju the Grappler (level 9, -1/85 HPs)
             Began as a Troll Monk on July 6, 2019.
             Was an Elder of Okawaru.
             Slain by a centaur zombie (3 damage)
             ... on level 7 of the Dungeon.
             The game lasted 00:14:15 (5686 turns).

Gynju the Grappler (Troll Monk)                     Turns: 5686, Time: 00:14:16

Health: -1/85      AC:  6    Str: 21    XL:     9   Next: 24%
Magic:  10/10      EV: 12    Int: 10    God:    Okawaru [****..]
Gold:   296        SH:  0    Dex: 17    Spells: 8/8 levels left

rFire    . . .     SeeInvis .     - Unarmed
rCold    x . .     Gourm    +   (no shield)
rNeg     . . .     Faith    .   c - +0 robe {MR+}
rPois    .         Spirit   .   (helmet restricted)
rElec    +         Reflect  .   (no cloak)
rCorr    .         Harm     .   (gloves unavailable)
MR       +....                  (boots unavailable)
Stlth    +++.......             a - amulet of Lafuupro {RegenMP rElec rC- Int+4 Stlth+}
HPRegen  0.64/turn              h - +2 ring of dexterity
MPRegen  0.37/turn              (no ring)

@: no status effects
A: large, unfitting armour, claws 3, fast metabolism 3, gourmand, regeneration
1, shaggy fur 1, tough skin 3
a: Heroism, Renounce Religion


You were on level 7 of the Dungeon.
You worshipped Okawaru.
Okawaru was greatly pleased with you.
You were very full.

You visited 2 branches of the dungeon, and saw 8 of its levels.
You also visited: Sewer.

You collected 296 gold pieces.

Inventory:

Missiles
 q - 127 stones (quivered)
Armour
 c - a +0 robe of magic resistance (worn)
Jewellery
 a - the amulet of Lafuupro (around neck) {RegenMP rElec rC- Int+4 Stlth+}
   (You found it on level 4 of the Dungeon)

   [amulet of magic regeneration]

   It increases your magic regeneration.
   It affects your intelligence (+4).
   It makes you vulnerable to cold.
   It insulates you from electricity.
   It makes you more stealthy.
 h - a +2 ring of dexterity (left claw)
Wands
 o - a wand of acid (5)
Scrolls
 f - 3 scrolls of fear
 j - 5 scrolls of remove curse
 k - a scroll of blinking
 n - a scroll of enchant weapon
 t - 2 scrolls of teleportation
 u - a scroll of enchant armour
Potions
 d - 2 potions of cancellation
 e - a potion of mutation
 g - 4 potions of curing
 i - 3 potions of heal wounds
 l - a potion of degeneration
 m - a potion of flight
 r - a potion of ambrosia {unknown}
 s - 2 potions of lignification {unknown}
Comestibles
 b - 15 rations


   Skills:
 + Level 4.4 Fighting
 + Level 4.6 Dodging
 - Level 1.0 Stealth
 - Level 9.2 Unarmed Combat
 + Level 3.7 Invocations
 + Level 3.0 Evocations


You had 8 spell levels left.
You didn't know any spells.
Your spell library contained the following spells:

 Spells                   Type           Power        Failure   Level  Hunger
 Magic Dart               Conj           #...         36%         1    ##.....
 Blink                    Tloc           N/A          50%         2    ###....
 Call Imp                 Summ           #.......     50%         2    ###....
 Slow                     Hex            #.......     50%         2    ###....
 Conjure Flame            Conj/Fire      #.......     75%         3    ####...
 Mephitic Cloud           Conj/Pois/Air  #.......     75%         3    ####...


Dungeon Overview and Level Annotations

Branches:
Dungeon (7/15)             Temple (1/1) D:4

Altars:
Ashenzari
Dithmenos
Elyvilon
Fedhas
Gozag
Nemelex Xobeh
Okawaru
Qazlal
Ru
Uskayaw
Vehumet
Wu Jian
Xom
The Shining One

Annotations:
D:7 Harold


Innate Abilities, Weirdness & Mutations

You are too large for most types of armour.
You have claws for hands.
Your metabolism is lightning-fast.
You like to eat raw meat.
Your natural rate of healing is unusually fast.
You are covered in fur. (AC +1)
You have extremely tough skin. (AC +3)


Message History

The jackal bites you.
You scratch Harold.
Harold is moderately wounded.
The jackal bites you but does no damage.
The centaur zombie hits you.
The jackal bites you but does no damage. x2
You mangle Harold!!
Harold is heavily wounded.
The centaur zombie hits you but does no damage.
Harold hits you with a +0 war axe!
* * * LOW HITPOINT WARNING * * *
The jackal barely misses you. The jackal misses you.
You scratch Harold but do no damage.
Harold is heavily wounded.
The centaur zombie hits you but does no damage.
The jackal bites you but does no damage.
The jackal closely misses you. Harold hits you with a +0 war axe!!
* * * LOW HITPOINT WARNING * * *
The centaur zombie hits you.
You die...

...## .<..
.... #..#
###..##
#...n.# ###
#..h@h# #..
#..Z@.# #. #.#
####.....# #.#
#.# #
#....<.....#
#.# #.# #
#.#######.##
#.# #.# ##
##.## #.# #.#
#.# . #...##
#.#
##.####.#### #
###.....## #.#
##..........#
#
#...#..8.###.#
#........##.#
#####..#
#.......#
#...####.##.#


You could see Harold, a necrophage, a centaur zombie and 2 jackals.

Vanquished Creatures
  Duvessa (D:4)
  A phantom (D:6)
  A black bear (D:7)
  5 ogres
  4 centaurs
  5 bullfrogs
  Dowan (D:4)
  3 wights (D:6)
  2 crimson imps
  2 centaur zombies
  2 hounds (D:6)
  A jelly (D:5)
  An orc priest (D:5)
  An orc wizard (D:4)
  Jessica (D:2)
  Ijyb (D:2)
  Natasha (thrice) (D:2)
  An iguana (D:4)
  2 worker ants
  2 hound zombies
  A hound skeleton (D:3)
  A howler monkey zombie (D:7)
  6 gnolls
  A howler monkey skeleton (D:7)
  7 adders
  9 oozes
  An adder skeleton (D:7)
  6 worms
  A dart slug (D:2)
  21 leopard geckos
  14 orcs
  14 ball pythons
  18 giant cockroaches
  14 goblins
  5 hobgoblins
  11 jackals
  3 quokkas
  4 bats
  18 frilled lizards
  8 kobolds
  2 quokka skeletons
  3 rats
208 creatures vanquished.

Vanquished Creatures (others)
  A goblin (D:2)
1 creature vanquished.

Grand Total: 209 creatures vanquished

Notes
Turn   | Place    | Note
-------+----------+-------------------------------------------
     0 | D:1      | Gynju the Troll Monk began the quest for the Orb.
     0 | D:1      | Reached XP level 1. HP: 22/22 MP: 0/0
   308 | D:1      | Reached XP level 2. HP: 29/29 MP: 1/1
   952 | D:2      | Reached XP level 3. HP: 36/36 MP: 2/2
   992 | D:2      | Noticed Natasha
  1000 | D:2      | Killed Natasha
  1000 | D:2      | Reached skill level 4 in Unarmed Combat
  1013 | D:2      | Noticed Natasha
  1020 | D:2      | Killed Natasha
  1020 | D:2      | Reached XP level 4. HP: 23/44 MP: 3/3
  1050 | D:2      | Noticed Natasha
  1053 | D:2      | Killed Natasha
  1053 | D:2      | Reached skill level 5 in Unarmed Combat
  1067 | D:2      | Noticed Ijyb
  1083 | D:2      | You fall into a shaft and drop 2 floors!
  1152 | D:4      | Found a staircase to the Ecumenical Temple.
  1155 | D:4      | Noticed Duvessa
  1155 | D:4      | Noticed Dowan
  1161 | Temple   | Entered the Ecumenical Temple
  1291 | D:4      | Killed Duvessa
  1291 | D:4      | Reached skill level 6 in Unarmed Combat
  1291 | D:4      | Reached XP level 5. HP: 38/50 MP: 4/4
  1295 | D:4      | Killed Dowan
  1315 | D:4      | Reached XP level 6. HP: 59/59 MP: 5/5
  1333 | D:4      | Got a glittering tin amulet
  1337 | D:4      | Found a sacrificial altar of Ru.
  1390 | D:4      | Found a glowing drain.
  1395 | Sewer    | Entered a sewer
  1637 | Sewer    | Reached skill level 7 in Unarmed Combat
  1864 | D:4      | Reached XP level 7. HP: 57/66 MP: 6/6
  1926 | D:3      | Reached skill level 8 in Unarmed Combat
  2065 | D:2      | Noticed Jessica
  2072 | D:2      | Killed Jessica
  2319 | D:2      | Killed Ijyb
  2707 | D:3      | Found an iron altar of Okawaru.
  2718 | D:3      | Became a worshipper of Warmaster Okawaru
  2718 | D:3      | Reached * piety under Okawaru
  2718 | D:3      | Reached ** piety under Okawaru
  2800 | D:3      | Found a glowing golden altar of the Shining One.
  3404 | D:4      | Found a shadowy altar of Dithmenos.
  3712 | D:4      | Identified the amulet of Lafuupro {RegenMP rElec rC- Int+4
                  | Stlth+} (You found it on level 4 of the Dungeon)
  3726 | D:4      | Reached skill level 9 in Unarmed Combat
  3859 | D:5      | Entered Level 5 of the Dungeon
  4033 | D:5      | Reached skill level 1 in Invocations
  4033 | D:5      | Reached XP level 8. HP: 50/74 MP: 7/7
  4055 | D:5      | Reached skill level 1 in Evocations
  4397 | D:5      | Found a shimmering altar of Xom.
  4416 | D:5      | Reached *** piety under Okawaru
  5259 | D:6      | Reached XP level 9. HP: 78/84 MP: 10/10
  5281 | D:6      | Reached **** piety under Okawaru
  5672 | D:7      | Noticed Harold
  5686 | D:7      | HP: 2/85 [Harold/+0 war axe (20)]
  5686 | D:7      | Slain by a centaur zombie

Levels and vault maps discovered:
D:1:      dpeg_arrival_rhombus, layout_loops_cross
D:2:      kennysheep_the_goblin_king, layout_loops_ring, minmay_crystal_room,
          uniq_jessica, uniq_natasha
D:3:      layout_rooms, nicolae_overflow_crystal_walls,
          okawaru_altar_gauntlet_db, first_ration
D:4:      layout_loops_cross, nicolae_dithmenos_shadow_blocks,
          nicolae_ru_awakened_eye, minmay_temple_entry_junction,
          portal_sewer_entry_e, uniq_duvessa
D:5:      layout_loops_cross, xom_teletrap_fun
D:6:      layout_basic
D:7:      layout_loops_ring, zin_statuary, gammafunk_ghost_smash, uniq_pikel,
          uniq_harold, uniq_joseph
Temple:   nicolae_temple_figure_zero

Skill      XL: |  1  2  3  4  5  6  7  8  9 |
---------------+----------------------------+-----
Unarmed Combat | 4 6 7 9 |  9.2
Dodging        | 3 4 |  4.6
Invocations    | 1 3 |  3.7
Evocations     | 2 3 |  3.0
Fighting       | 4 |  4.4
Stealth        | |  1.0

Action                   |  1- 3 |  4- 6 |  7- 9 || total
-------------------------+-------+-------+-------++-------
Melee: Unarmed           |    74 |   166 |   292 ||   532
       Punch             |     1 |     3 |    12 ||    16
Throw: Stone             |       |       |     8 ||     8
Invok: Heroism           |       |       |     1 ||     1
  Use: Scroll            |       |     5 |    14 ||    19
 Stab: Sleeping          |     1 |     3 |     9 ||    13
       Distracted        |       |       |     1 ||     1
  Eat: Chunk             |    15 |     9 |    34 ||    58
Armor: Robe              |    31 |    69 |    82 ||   182
Dodge: Dodged            |    26 |    96 |   167 ||   289

Table legend:
 A = Non-vault XP
 B = Vault XP
 C = Vault XP percentage of total XP
 D = Non-vault monster count
 E = Vault monster count
 F = Vault count percentage of total count
                 A         B        C        D         E       F
            +---------+---------+-------+---------+---------+-------
      Total |    2750 |     708 |  20.5 |     131 |      77 |  37.0
            +---------+---------+-------+---------+---------+-------
        D:1 |      24 |       0 |   0.0 |      15 |       0 |   0.0
        D:2 |     111 |     118 |  51.5 |      13 |       8 |  38.1
        D:3 |     129 |      38 |  22.8 |      30 |       6 |  16.7
        D:4 |     275 |     223 |  44.8 |      19 |       2 |   9.5
        D:5 |     776 |       0 |   0.0 |      18 |       0 |   0.0
        D:6 |    1079 |       0 |   0.0 |      26 |       0 |   0.0
        D:7 |     356 |       0 |   0.0 |      10 |       0 |   0.0
      Sewer |       0 |     329 | 100.0 |       0 |      61 | 100.0
            +---------+---------+-------+---------+---------+-------
